 Dungeon Crawl Stone Soup version 0.24-a0-123-ga2403f3307 (webtiles) character file.

Game seed: 5155616498557368460

7473 tarantula the Nimble (level 11, -8/69 HPs)
             Began as an Octopode Chaos Knight on Feb 22, 2019.
             Was a Priest of Nemelex Xobeh.
             Mangled by a death yak (27 damage)
             ... on level 8 of the Dungeon.
             The game lasted 00:23:32 (11758 turns).

tarantula the Nimble (Octopode Chaos Knight)       Turns: 11758, Time: 00:23:33

Health: -8/69      AC:  1    Str: 22    XL:     11   Next: 15%
Magic:  23/23      EV: 19    Int: 17    God:    Nemelex Xobeh [***...]
Gold:   262        SH:  0    Dex: 16    Spells: 10/10 levels left

rFire    + . .     SeeInvis .   a - +0 falchion (chaos)
rCold    + + .     Gourm    .   (no shield)
rNeg     . . .     Faith    +   (helmet restricted)
rPois    .         Spirit   .   s - amulet of faith
rElec    .         Reflect  .   y - +3 ring of strength (curse)
rCorr    +         Harm     .   d - ring of resist corrosion
MR       .....                  o - ring of protection from cold
Stlth    ++++......             H - ring of magical power
HPRegen  0.21/turn              (no ring)
MPRegen  0.18/turn              (no ring)
                                (no ring)
                                (no ring)

@: mighty
A: almost no armour, stealthy swim, amphibious, 8 rings, constrict 8, camouflage
1, agile 1, blurry vision 1, clever 1, cold resistance 1, fire resistance 1,
frail 1, low mp 1, strong 1, wild magic 1, gelatinous body 1, evolution 1
a: Draw Escape, Draw Destruction, Draw Summoning, Triple Draw, Renounce Religion


You were on level 8 of the Dungeon.
You worshipped Nemelex Xobeh.
Nemelex Xobeh was most pleased with you.
You were not hungry.

You visited 2 branches of the dungeon, and saw 10 of its levels.

You collected 514 gold pieces.
You spent 252 gold pieces at shops.

Inventory:

Hand Weapons
 a - a +0 falchion of chaos (weapon)
 j - a cursed -3 great sword
 u - a +0 morningstar
 w - a +0 flail of protection
 C - a +1 dagger of venom
 K - a +0 blowgun
 L - a +2 dagger of electrocution
Missiles
 p - a throwing net (quivered) {!f}
Armour
 m - a +0 shield of reflection
Jewellery
 d - a ring of resist corrosion (right tentacle)
 o - a ring of protection from cold (on tentacle)
 s - an amulet of faith (around mantle)
 y - a cursed +3 ring of strength (left tentacle)
 A - an uncursed ring of ice
 G - an uncursed amulet of guardian spirit
 H - a ring of magical power (on tentacle)
Wands
 i - a wand of enslavement (6)
 v - a wand of flame (19)
 F - a wand of paralysis (3)
 M - a wand of iceblast (12)
Scrolls
 c - 7 scrolls of teleportation {@r3}
 e - 2 scrolls of magic mapping
 g - 6 scrolls of remove curse {@r2}
 h - 2 scrolls of random uselessness {unknown}
 l - a scroll of enchant weapon {unknown}
 q - 2 scrolls of blinking
 B - a scroll of noise {unknown}
 D - 2 scrolls of immolation {unknown}
 E - 2 scrolls of fog {unknown}
 I - a scroll of fear
 J - 2 scrolls of enchant armour {unknown}
Potions
 f - 4 potions of magic
 k - 2 potions of haste
 n - a potion of might
 r - 5 potions of brilliance
 t - 3 potions of flight
 x - 3 potions of curing {@q1}
 z - a potion of lignification
 N - 2 potions of cancellation {unknown}
Comestibles
 b - 19 rations


   Skills:
 - Level 8.2 Fighting
 + Level 7.3 Long Blades
 - Level 9.0 Dodging
 - Level 5.0 Stealth
 * Level 6.9 Shields
 - Level 7.1 Invocations
 - Level 2.2 Evocations


You had 10 spell levels left.
You didn't know any spells.
Your spell library was empty.

Dungeon Overview and Level Annotations

Branches:
Dungeon (9/15)             Temple (1/1) D:4
   Lair: D:8-11         Orc: D:9-12

Altars:
Ashenzari
Fedhas
Gozag
Hepliaklqana
Kikubaaqudgha
Nemelex Xobeh
Okawaru
Sif Muna
Trog
Vehumet
The Shining One

Shops:
D:4 *}   D:5 =(!(


Innate Abilities, Weirdness & Mutations

You cannot wear most types of armour.
You are very stealthy in the water. (Stealth+)
You are amphibious.
You can wear up to eight rings at the same time.
You can use your tentacles to constrict eight enemies at once.
Your skin changes colour to match your surroundings (Stealth+).
Your rubbery body absorbs attacks. (AC +1, EV +1)
You are agile. (Dex +2)
Scrolls take you a little longer to read.
Your mind is acute. (Int +2)
Your flesh is cold resistant. (rC+)
Your flesh is heat resistant. (rF+)
You are frail. (-10% HP)
Your magical capacity is low. (-10% MP)
Your muscles are strong. (Str +2)
Your spells are a little harder to cast, but a little more powerful.
You evolve.


Message History

You slash the death yak! You burn the death yak. You squeeze the death yak!
The death yak gores you.
You slash the death yak!
You feel better. The death yak gores you!!
* * * LOW HITPOINT WARNING * * *
A death yak comes into view. x2
The death yak bellows!
You slash the death yak! You squeeze the death yak.
You hear an angry hiss.
The death yak gores you.
* * * LOW HITPOINT WARNING * * *
A hornet comes into view.
The death yak gores you.
* * * LOW HITPOINT WARNING * * *
There is an open door here.
There is a stone staircase leading up here.
You climb upwards.
There is a stone staircase leading down here.
You hit the death yak. You burn the death yak. The death yak gores you!!
You die...
Your body glows slightly and disappears.

...'.)(..(...รท...#.##
...#)(.......#...#..#
####(........######.#
...#(........#....#.#
...##..(((..##.####.#
....###'('###..# #.#
#.....8...8...## ##.#
.......(.....#####.(#####
###.......).####@.......#
.........##.(#(.Y#.####.#
########.()((((....# #.#
#########...####.#
#........# #.#.######
#.#.# #.#.# #.#.#


You could see a death yak.

Vanquished Creatures
  A two-headed ogre (D:8)
  A tengu warrior (D:8)
  A death yak (D:9)
  Maurice (D:8)
  A gargoyle (D:6)
  A hornet (D:8)
  A hippogriff (D:6)
  Sigmund (D:5)
  Grum (D:8)
  Edmund (D:4)
  A water moccasin (D:8)
  A warg (D:8)
  A black bear (D:6)
  2 orc warriors
  2 ogres
  4 ice beasts
  2 wolves (D:8)
  A centaur (D:5)
  4 big kobolds (D:8)
  Blork the orc (D:4)
  A wyvern zombie (D:3)
  3 bullfrogs
  A scorpion (D:6)
  4 killer bees
  2 howler monkeys
  4 crimson imps
  4 hounds
  4 jellies
  2 bullfrog skeletons
  A gnoll shaman (D:7)
  6 orc wizards
  A centaur skeleton (D:4)
  Ijyb (D:4)
  An iguana (D:5)
  6 worker ants
  A hound zombie (D:6)
  5 gnolls
  5 adders
  3 shadow imps
  4 worms
  7 leopard geckos
  23 orcs
  8 bats
  6 giant cockroaches
  10 hobgoblins
  30 kobolds
  6 quokkas
  6 ball pythons
  6 frilled lizards
  9 goblins
  7 kobold skeletons (D:8)
  7 kobold zombies (D:8)
  A quokka skeleton (D:4)
  11 rats
225 creatures vanquished.

Vanquished Creatures (collateral kills)
  An ogre (D:7)
  A killer bee (D:7)
  A jelly (D:6)
  A hobgoblin (D:1)
  3 kobolds (D:8)
  A kobold skeleton (D:8)
  3 kobold zombies (D:8)
11 creatures vanquished.

Vanquished Creatures (others)
  A tengu warrior (D:8)
  A raiju (shapeshifter) (D:6)
  A black bear (D:5)
  A killer bee (D:7)
  An adder (D:6)
5 creatures vanquished.

Grand Total: 241 creatures vanquished

Notes
Turn   | Place    | Note
-------+----------+-------------------------------------------
     0 | D:1      | tarantula the Octopode Chaos Knight began the quest for the
                  | Orb.
     0 | D:1      | Reached XP level 1. HP: 16/16 MP: 1/1
     6 | D:1      | Noticed a lindwurm
     7 | D:1      | Noticed a rime drake
     7 | D:1      | Noticed an anaconda
    51 | D:1      | XOM: divination: detect items
   131 | D:1      | Reached skill level 1 in Stealth
   166 | D:1      | Reached XP level 2. HP: 17/21 MP: 2/2
   896 | D:2      | XOM: harmless Ice miscast
   897 | D:2      | XOM: smoke on damage
   898 | D:2      | Reached XP level 3. HP: 18/26 MP: 3/3
   900 | D:2      | XOM: harmless Tmut miscast
  1314 | D:2      | XOM: silly message
  1354 | D:2      | Reached skill level 3 in Dodging
  1373 | D:2      | Reached XP level 4. HP: 7/31 MP: 4/4
  1374 | D:2      | HP: 1/31 [kobold/+0 spear (6)]
  1393 | D:1      | XOM: harmless Tmut miscast
  1614 | D:1      | XOM: cloud trail
  1737 | D:2      | XOM: give mutation
  1737 | D:2      | Gained mutation: Your muscles are strong. (Str +2) [Xom's
                  | grace]
  2106 | D:2      | Reached XP level 5. HP: 36/36 MP: 5/5
  2561 | D:3      | Found an opulent altar of Gozag.
  2827 | D:3      | XOM: cleaving
  2828 | D:3      | XOM: smoke on damage
  2831 | D:3      | XOM: butterfly on damage
  2837 | D:3      | Reached skill level 4 in Dodging
  2837 | D:3      | Reached XP level 6. HP: 20/43 MP: 6/6
  2907 | D:3      | XOM: cloud trail
  3041 | D:4      | Noticed Ijyb
  3055 | D:4      | Killed Ijyb
  3074 | D:4      | XOM: scenery: 1 doors open
  3121 | D:4      | XOM: 9-stop teleportation journey
  3161 | D:4      | Found a blossoming altar of Fedhas.
  3162 | D:4      | Found Kaseacan's Gadget Shoppe.
  3164 | D:4      | XOM: summons 4 hostile shadow creatures
  3260 | D:4      | XOM: 4-stop teleportation journey
  3328 | D:4      | Noticed Blork the orc
  3335 | D:4      | XOM: enchant monster (good)
  3345 | D:4      | Killed Blork the orc
  3403 | D:4      | Noticed Edmund
  3407 | D:4      | Bought a wand of disintegration (11) for 210 gold pieces
  3420 | D:4      | Killed Edmund
  3420 | D:4      | Reached skill level 5 in Stealth
  3420 | D:4      | Reached skill level 1 in Evocations
  3420 | D:4      | Reached XP level 7. HP: 14/48 MP: 7/7
  3438 | D:4      | XOM: summons 1 hostile demon
  3529 | D:4      | XOM: medium Ice miscast
  3638 | D:4      | XOM: divination: detect creatures
  3759 | D:4      | Reached skill level 5 in Dodging
  3763 | D:4      | Found Pomov's Practical Paraphernalia.
  3906 | D:4      | Found a staircase to the Ecumenical Temple.
  3918 | Temple   | Entered the Ecumenical Temple
  3922 | Temple   | XOM: give mutation
  3922 | Temple   | Gained mutation: Your magical capacity is low. (-10% MP)
                  | [Xom's mischief]
  3930 | Temple   | Fell from the grace of Xom
  3930 | Temple   | Became a worshipper of Nemelex Xobeh the Trickster
  4046 | D:4      | Received a gift from Nemelex Xobeh
  4491 | D:5      | Entered Level 5 of the Dungeon
  4492 | D:5      | Found Zorabul's Jewellery Emporium.
  4520 | D:5      | Found Poero's Weapon Emporium.
  4522 | D:5      | Noticed Sigmund
  4540 | D:5      | Reached skill level 1 in Invocations
  4569 | D:5      | Killed Sigmund
  4648 | D:5      | XOM: give mutations
  4648 | D:5      | Gained mutation: Your mind is acute. (Int +2) [Xom's
                  | mischief]
  4648 | D:5      | Gained mutation: You are agile. (Dex +2) [Xom's mischief]
  4656 | D:5      | Found Tuiren's Distillery.
  4662 | D:5      | Bought a potion of lignification for 42 gold pieces
  4712 | D:5      | Found Hadareh's Weapon Shoppe.
  4755 | D:5      | Received a gift from Nemelex Xobeh
  4777 | D:5      | Reached XP level 8. HP: 46/54 MP: 8/8
  4865 | D:5      | Reached * piety under Nemelex Xobeh
  5044 | D:5      | Reached skill level 6 in Dodging
  5381 | D:6      | Reached skill level 5 in Fighting
  5412 | D:6      | XOM: 3-stop teleportation journey
  5568 | D:6      | Noticed a shapeshifter
  5568 | D:6      | a worker ant changed into a shapeshifter
  5568 | D:6      | Noticed a raiju
  5568 | D:6      | a shapeshifter changed into a raiju
  5572 | D:6      | Killed a raiju
  6069 | D:6      | Noticed a hippogriff
  6084 | D:6      | Killed a hippogriff
  6084 | D:6      | Reached skill level 7 in Dodging
  6094 | D:6      | HP: 2/57 [poisoned by a scorpion]
  6100 | D:6      | HP: 1/57 [poisoned by a scorpion]
  6108 | D:6      | HP: 1/57 [poisoned by a scorpion]
  6397 | D:6      | Reached XP level 9. HP: 60/62 MP: 11/11
  6474 | D:6      | Noticed a gargoyle
  6490 | D:6      | Killed a gargoyle
  6490 | D:6      | Reached skill level 8 in Dodging
  6490 | D:6      | Reached skill level 5 in Invocations
  6581 | D:6      | Received a gift from Nemelex Xobeh
  6888 | D:6      | Found a radiant altar of Vehumet.
  6952 | D:6      | Reached ** piety under Nemelex Xobeh
  7312 | D:7      | XOM: blink monster(s)
  7768 | D:6      | XOM: mild Chrm miscast
  7804 | D:6      | XOM: god gift: glowing shield {god gift}
  7826 | D:6      | XOM: medium Necr miscast
  7916 | D:7      | Reached skill level 1 in Shields
  8505 | D:7      | XOM: blink monster(s)
  8795 | D:7      | Received a gift from Nemelex Xobeh
  9137 | D:7      | XOM: draining
  9263 | D:7      | XOM: give mutations
  9263 | D:7      | Gained mutation: You expend magic power (3 MP) to
                  | strengthen your wands. [Xom's grace]
  9263 | D:7      | Gained mutation: Your flesh is cold resistant. (rC+) [Xom's
                  | grace]
  9263 | D:7      | Gained mutation: Your spells are a little harder to cast,
                  | but a little more powerful. [Xom's grace]
  9263 | D:7      | Gained mutation: Your flesh is heat resistant. (rF+) [Xom's
                  | grace]
  9584 | D:8      | Reached XP level 10. HP: 62/71 MP: 13/13
  9651 | D:8      | Reached skill level 9 in Dodging
  9953 | D:8      | Received a gift from Nemelex Xobeh
  9953 | D:8      | XOM: noise
  9980 | D:8      | Noticed a two-headed ogre
  9984 | D:8      | Killed a two-headed ogre
  9984 | D:8      | Reached skill level 5 in Long Blades
 10041 | D:8      | Noticed a kobold demonologist
 10101 | D:8      | a kobold demonologist changed into a warg
 10140 | D:8      | Found an ancient bone altar of Kikubaaqudgha.
 10477 | D:8      | Noticed a tengu warrior
 10477 | D:8      | Noticed a tengu warrior
 10611 | D:8      | Reached *** piety under Nemelex Xobeh
 10679 | D:8      | Found an iron altar of Okawaru.
 10723 | D:8      | Noticed Grum
 10752 | D:8      | Killed Grum
 10755 | D:8      | Noticed Maurice
 10836 | D:7      | XOM: give mutation
 10836 | D:7      | Lost mutation: You expend magic power (3 MP) to strengthen
                  | your wands. [Xom's mischief]
 11212 | D:8      | Killed a tengu warrior
 11212 | D:8      | Reached skill level 5 in Shields
 11226 | D:8      | Killed a tengu warrior
 11226 | D:8      | Reached XP level 11. HP: 56/77 MP: 14/14
 11362 | D:8      | Killed Maurice
 11373 | D:8      | XOM: give mutations
 11373 | D:8      | Gained mutation: You are frail. (-10% HP) [Xom's mischief]
 11373 | D:8      | Gained mutation: You evolve. [Xom's mischief]
 11373 | D:8      | Gained mutation: Scrolls take you a little longer to read.
                  | [Xom's mischief]
 11644 | D:8      | XOM: god gift: scale mail {god gift}
 11733 | D:9      | Noticed a death yak
 11733 | D:9      | Noticed a death yak
 11735 | D:9      | Noticed a death yak
 11746 | D:9      | Killed a death yak
 11748 | D:9      | Noticed a death yak
 11748 | D:9      | Noticed a death yak
 11758 | D:8      | Mangled by a death yak

Levels and vault maps discovered:
D:1:      onia_arrival_zoo_common, layout_basic, minmay_unequal
D:2:      layout_rooms, first_ration, minmay_hedge_maze, minmay_vboxes
D:3:      layout_basic, old_standard_altar, hangedman_decor_riveting
D:4:      layout_gridville, fedhas_altar_3, temple_statues, serial_shops, shop,
          serial_forest, infiniplex_forest_zigzag_1,
          infiniplex_forest_lined_room_2, infiniplex_forest_zigzag_1,
          infiniplex_forest_end_1, infiniplex_forest_end_double,
          infiniplex_forest_straight_4, infiniplex_forest_straight_1,
          infiniplex_forest_straight_3, nicolae_alphabet_shops, uniq_edmund,
          uniq_blork_the_orc, uniq_ijyb
D:5:      layout_loops_ring, serial_shops, shop_statue, shop, shop_coins,
          nicolae_shop_window_shopping, grunt_ministairs_14, hex_tiny,
          uniq_sigmund
D:6:      layout_loops_ring, lemuel_crystal_altar, minmay_manual_mandibuliform
D:7:      layout_basic
D:8:      wander_kiku_kobolds, layout_basic, kennysheep_okawaru_gauntlet,
          uniq_grum, uniq_maurice
D:9:      layout_roguey, dpeg_lair_monsters
Temple:   regret_index_temple_mists

Skill      XL: |  1  2  3  4  5  6  7  8  9 10 11 |
---------------+----------------------------------+-----
Stealth        | 1 2 3 4 5 |  5.0
Dodging        | 3 4 5 7 8 9 |  9.0
Fighting       | 4 5 7 8 |  8.2
Long Blades    | 4 6 7 |  7.3
Evocations     | 1 2 |  2.2
Invocations    | 2 4 6 7 |  7.1
Shields        | 3 5 6 |  6.9

Action                   |  1- 3 |  4- 6 |  7- 9 | 10-12 || total
-------------------------+-------+-------+-------+-------++-------
Melee: Falchion          |    65 |    98 |   192 |   158 ||   513
       Constrict         |    19 |    28 |    56 |    46 ||   149
       Tentacles         |    10 |    28 |    81 |    56 ||   175
 Abil: Draw Destruction  |       |       |    12 |    12 ||    24
       Draw Summoning    |       |       |     5 |     3 ||     8
Evoke: Wand              |       |     6 |    14 |     7 ||    27
  Use: Potion            |     1 |     1 |     1 |     1 ||     4
       Scroll            |       |     8 |     5 |     1 ||    14
 Stab: Sleeping          |     6 |     5 |     8 |     2 ||    21
       Paralysed         |       |     4 |     1 |     4 ||     9
       Distracted        |       |     1 |     3 |     1 ||     5
       Petrifying        |       |       |     1 |       ||     1
  Eat: Chunk             |     1 |     7 |    12 |     4 ||    24
       Ration            |       |       |     2 |     1 ||     3
Armor: Skin              |     2 |     7 |     3 |     1 ||    13
Dodge: Dodged            |    48 |    65 |   176 |   128 ||   417
       Rpst.: Falchion   |    15 |    19 |    51 |    32 ||   117

Table legend:
 A = Non-vault XP
 B = Vault XP
 C = Vault XP percentage of total XP
 D = Non-vault monster count
 E = Vault monster count
 F = Vault count percentage of total count
                 A         B        C        D         E       F
            +---------+---------+-------+---------+---------+-------
      Total |    6957 |    3719 |  34.8 |     166 |      74 |  30.8
            +---------+---------+-------+---------+---------+-------
        D:1 |      30 |       3 |   9.1 |      19 |       2 |   9.5
        D:2 |     160 |       3 |   1.8 |      26 |       3 |  10.3
        D:3 |     127 |       0 |   0.0 |      19 |       0 |   0.0
        D:4 |     181 |     285 |  61.2 |       9 |       3 |  25.0
        D:5 |     365 |     244 |  40.1 |      12 |       2 |  14.3
        D:6 |     834 |     854 |  50.6 |      26 |       5 |  16.1
        D:7 |    1418 |       0 |   0.0 |      31 |       0 |   0.0
        D:8 |    3842 |    1458 |  27.5 |      24 |      58 |  70.7
        D:9 |       0 |     872 | 100.0 |       0 |       1 | 100.0
            +---------+---------+-------+---------+---------+-------
